 Dungeon Crawl Stone Soup version 0.25-b1-46-gb8a1ec05df (webtiles) character file.

Game seed: 913215120010462084

(classic levelgen) 9567 EnegeticOcto the Destroyer (level 11, -5/77 HPs)
             Began as a Mummy Conjurer on June 11, 2020.
             Was a Priest of Vehumet.
             Killed by an exploding fulminant prism (25 damage)
             ... created by the player character
             ... in a volcano.
             The game lasted 00:29:53 (10614 turns).

EnegeticOcto the Destroyer (Mummy Conjurer)        Turns: 10614, Time: 00:29:54

Health: -5/77      AC: 11    Str: 12    XL:     11   Next: 24%
Magic:  10/21      EV: 10    Int: 23    God:    Vehumet [***...]
Gold:   649        SH:  0    Dex: 13    Spells: 10/24 levels left

rFire    + . .     SeeInvis .   A - +3 falchion (vamp)
rCold    . . .     Gourm    .   (no shield)
rNeg     + + +     Faith    .   g - +1 ring mail {rF+}
rPois    ∞         Spirit   .   (no helmet)
rElec    .         Reflect  .   v - scarf {+Inv}
rCorr    .         Harm     .   t - +2 pair of gloves
MR       +....                  h - +0 pair of boots
Stlth    ++........             e - amulet of magic regeneration
HPRegen  0.22/turn              i - +6 ring of intelligence
MPRegen  0.42/turn              a - ring of fire

@: frozen ramparts
A: no food or potions, fire vulnerability, cold resistance 1, negative energy
resistance 3, torment resistance, unbreathing
a: Renounce Religion, Evoke Invisibility


You were in a volcano.
You worshipped Vehumet.
Vehumet was most pleased with you.
You were not hungry.

You visited 3 branches of the dungeon, and saw 12 of its levels.
You also visited: Volcano.

You collected 857 gold pieces.
You spent 208 gold pieces at shops.

Inventory:

Hand Weapons
 w - a +5 quarterstaff of pain
 A - a +3 vampiric falchion (weapon)
Missiles
 c - 228 stones (quivered)
 n - 17 javelins
 p - 150 arrows
 B - a throwing net {!f}
Armour
 g - a +1 ring mail of fire resistance (worn)
 h - a +0 pair of boots (worn)
 k - a +0 leather armour of magic resistance
 t - a +2 pair of gloves (worn)
 v - a scarf of invisibility (worn)
Jewellery
 a - a ring of fire (right hand)
 e - an amulet of magic regeneration (around neck)
 i - a +6 ring of intelligence (left hand)
 l - an uncursed ring of magical power
 s - an uncursed amulet of guardian spirit
 x - a cursed amulet of reflection {unknown}
 y - a +6 ring of strength
Wands
 d - a wand of digging (5) {@v3}
 r - a wand of paralysis (14)
 D - a wand of iceblast (14) {@v2}
 G - a wand of random effects (24)
Scrolls
 b - a scroll of vulnerability {unknown}
 f - a scroll of noise
 j - 2 scrolls of fog {!r}
 m - 2 scrolls of magic mapping {@r5 !r}
 o - 4 scrolls of blinking {@r4}
 q - a scroll of random uselessness {unknown}
 u - 2 scrolls of amnesia {unknown}
 z - 3 scrolls of teleportation {@r3 !r}
 C - a scroll of immolation
 E - a scroll of remove curse {@r2}
Miscellaneous
 F - a tin of tremorstones (3/3)


   Skills:
 - Level 4.0 Fighting
 - Level 4.0 Armour
 - Level 1.5 Dodging
 - Level 3.0 Stealth
 - Level 7.0 Spellcasting
 - Level 8.0 Conjurations
 - Level 6.0 Hexes
 + Level 6.5 Ice Magic
 - Level 6.0 Evocations


You had 10 spell levels left.
You knew the following spells:

 Your Spells              Type           Power        Failure   Level  Hunger
a - Magic Dart            Conj           ####         1%          1    N/A
b - Searing Ray           Conj           #####.       1%          2    N/A
c - Fulminant Prism       Conj/Hex       #####.....   2%          4    N/A
d - Iskenderun's Mystic   Conj/Tloc      ####....     9%          4    N/A
e - Frozen Ramparts       Ice            #####.       1%          3    N/A

Your spell library contained the following spells:

 Spells                   Type           Power        Failure   Level  Hunger
 Dazzling Flash           Conj/Hex       #####.       1%          3    N/A
 Confusing Touch          Hex            #####...     4%          3    N/A
 Yara's Violent Unravell  Hex/Tmut       ###.......   32%         5    N/A
 Metabolic Englaciation   Hex/Ice        #####.....   34%         5    N/A
 Gell's Gravitas          Tloc           #.........   43%         3    N/A
 Petrify                  Tmut/Erth      #.......     85%         4    N/A

Dungeon Overview and Level Annotations

Branches:
Dungeon (10/15)            Temple (1/1) D:7            Lair (1/6) D:10
    Orc (0/2) D:10        Volcano (1/1)

Altars:
Ashenzari
Cheibriados
Dithmenos
Elyvilon
Fedhas
Gozag
Hepliaklqana
Kikubaaqudgha
Makhleb
Nemelex Xobeh
Okawaru
Qazlal
Ru
Sif Muna
Trog
Uskayaw
Vehumet
Wu Jian
Xom
Yredelemnul
Zin
The Shining One

Shops:
D:6 *


Innate Abilities, Weirdness & Mutations

You do not eat or drink.
Your flesh is vulnerable to fire.
You are immune to poison.
Your flesh is cold resistant. (rC+)
You are immune to negative energy. (rN+++)
You are immune to unholy pain and torment.
You can survive without breathing.


Message History

The wall freezes the hell hog.
The hell hog bites you.
The salamander is frozen!
The wall freezes the salamander!
The salamander hits you from afar with a +0 halberd.
You are engulfed in flames.
You resist.
Your fulminant prism explodes!
The blast of energy engulfs the salamander!!
You kill the salamander!
Vehumet accepts your kill.
You feel your power returning.
The blast of energy engulfs the hell hog!
The hell hog is heavily wounded.
You hear a shout!
Evoke which item? (* to show all) (? for menu, Esc to quit)
Aiming: Iceblast
Press: ? - help, Shift-Dir - straight line The mass of ice explodes!
The iceblast engulfs the hell hog!
The hell hog is severely wounded.
In the distance, the volcano erupts with a roar.
You hear an angry squeal.
The wall freezes the hell hog.
The hell hog bites you but does no damage.
Evoke which item? (* to show all) (? for menu, Esc to quit)
Aiming: Iceblast
Press: ? - help, Shift-Dir - straight line The mass of ice explodes!
The iceblast engulfs the hell hog!!
You kill the hell hog!
Vehumet accepts your kill.
You feel your power returning.
Your Ice Magic skill increases to level 6!
The centaur shouts!
A hell hog comes into view.
Things that are here:
a +0 halberd; a salamander corpse
Casting: Searing Ray (safe; 1% risk of failure)
Confirm with . or Enter, or press ? or * to list all spells.
Aiming: Fulminant Prism (dangerous; 2% risk of failure)
Press: ? - help, Dir - move target cursor You conjure a prism of explosive energy!
A fulminant prism comes into view.
The frozen ramparts melt away.
The centaur shoots an arrow.
The arrow hits you! The arrow burns you.
The hell hog moves out of view.
Casting: Fulminant Prism (dangerous; 2% risk of failure)
Confirm with . or Enter, or press ? or * to list all spells.
The walls around you are covered in ice.
The wall freezes the centaur.
Your fulminant prism crackles loudly.
Evoke which item? (* to show all) (? for menu, Esc to quit)
Aiming: Iceblast
Press: ? - help, Shift-Dir - straight line
Okay, then.
You can't drink.
Unknown command.
Press: ? - help, v - describe, . - travel
Here: a hell hog An open door.
Evoke which item? (* to show all) (? for menu, Esc to quit)
Aiming: Paralyse
Press: ? - help, Shift-Dir - straight line, f - hell hog
Aim: a hell hog (chance to defeat MR: 47%)
The hell hog resists with some effort.
The wall freezes the hell hog.
The hell hog breathes fire at you.
The fireball explodes!
The fireball engulfs you! You resist.
* * * LOW HITPOINT WARNING * * *
The fireball engulfs the hell hog!
The hell hog resists.
Your fulminant prism explodes!
The blast of energy engulfs the centaur!
The centaur is severely wounded.
The blast of energy engulfs the hell hog!!
The hell hog is heavily wounded.
Evoke which item? (* to show all) (? for menu, Esc to quit)
Aiming: Paralyse
Press: ? - help, Shift-Dir - straight line, f/p - hell hog
Aim: a hell hog (heavily wounded, catching its breath, chance to defeat MR: 47%)
The hell hog suddenly stops moving!
The wall freezes the hell hog.
Casting: Frozen Ramparts (safe; 1% risk of failure)
Confirm with . or Enter, or press ? or * to list all spells.
Aiming: Fulminant Prism (dangerous; 2% risk of failure)
Press: ? - help, Dir - move target cursor, p - hell hog You conjure a prism of explosive energy!
A fulminant prism comes into view.
The wall freezes the hell hog.
The wall freezes the hell hog!
Casting: Fulminant Prism (dangerous; 2% risk of failure)
Confirm with . or Enter, or press ? or * to list all spells.
Aiming: Searing Ray (safe; 1% risk of failure)
Press: ? - help, Shift-Dir - straight line, f - centaur
Aim: a centaur, wielding a +1 shortbow of flaming and quivering 19 arrows (severely wounded)
The searing ray hits the hell hog!
The hell hog is almost dead.
The searing ray hits the centaur!
You kill the centaur!
Vehumet accepts your kill.
You feel your power returning. (Press . to maintain the ray.)
The wall freezes the hell hog.
You kill the hell hog!
Vehumet accepts your kill.
Your fulminant prism crackles loudly.
Your fulminant prism explodes!
The blast of energy engulfs you!!
You die...

≈#≈≈§§§ #.#### ≈≈≈≈≈≈≈
§≈≈≈≈≈§ ##..'##≈≈≈≈≈≈≈
§≈≈≈§§§######.#≈≈≈≈≈≈≈
≈≈≈≈§§§°.○○....≈≈≈≈≈≈≈
≈≈≈≈≈§§○○○○°...§≈§≈≈≈≈
≈§≈≈≈§≈§.####..§≈≈≈≈≈≈
≈≈§≈...##..##.≈≈§≈≈≈≈
§≈≈§≈..#...$#(≈§≈≈≈≈≈
≈≈≈§§≈.#..).@§§§≈≈≈≈≈
§≈≈§≈≈.#....#.≈≈≈≈≈≈≈
≈≈≈≈≈§.##..##.≈.≈≈≈≈≈
≈≈§§§≈..### ..≈≈≈≈≈≈≈
≈≈≈§≈.. ..≈≈≈≈≈≈≈
≈§≈.. ..≈≈≈≈≈≈≈
##.≈≈≈≈≈≈≈ .≈≈≈≈≈≈


There were no monsters in sight!

Vanquished Creatures
  Harold (D:9)
  2 hell hogs (Volcano)
  A salamander (Volcano)
  Joseph (D:10)
  2 spiny frogs (Lair:1)
  3 hippogriffs
  2 wyverns (D:9)
  Sigmund (D:3)
  A basilisk (Lair:1)
  4 yaks (D:9)
  A steam dragon (D:9)
  2 hungry ghosts
  2 porcupines
  5 orc warriors
  An ice beast (D:8)
  A black bear (D:10)
  A necrophage (D:5)
  An eye of draining (D:8)
  5 ogres
  4 centaurs
  A crocodile (Lair:1)
  4 big kobolds
  6 bullfrogs
  A wyvern zombie (D:10)
  4 scorpions
  A water moccasin skeleton (D:7)
  A howler monkey (D:10)
  A bullfrog zombie (D:9)
  3 crimson imps
  2 centaur zombies
  2 hounds
  7 orc priests
  A jelly (D:10)
  3 centaur skeletons
  4 iguanas
  Ijyb (D:3)
  7 orc wizards
  3 worker ants
  A killer bee zombie (D:8)
  A hound skeleton (D:5)
  A howler monkey zombie (D:10)
  2 worker ant zombies
  12 adders
  3 shadow imps
  An adder skeleton (D:5)
  A worm (D:8)
  2 dart slugs
  4 leopard geckos
  38 orcs
  4 ball pythons (D:1)
  4 bats
  8 giant cockroaches
  6 goblins
  5 hobgoblins
  27 kobolds
  4 quokkas
  3 frilled lizards
  A jackal zombie (D:5)
  7 rats
228 creatures vanquished.

Vanquished Creatures (others)
  A quokka (D:3)
  14 fulminant prisms
  2 fungi (D:10)
17 creatures vanquished.

Grand Total: 245 creatures vanquished

Notes
Turn   | Place    | Note
-------+----------+-------------------------------------------
     0 | D:1      | EnegeticOcto the Mummy Conjurer began the quest for the
                  | Orb.
     0 | D:1      | Reached XP level 1. HP: 13/13 MP: 4/4
   287 | D:1      | Reached XP level 2. HP: 19/19 MP: 3/5
   291 | D:1      | Learned a level 2 spell: Searing Ray
   800 | D:1      | Reached skill level 4 in Conjurations
  1399 | D:2      | Found a hazy altar of Hepliaklqana.
  1538 | D:2      | Reached skill level 2 in Stealth
  1538 | D:2      | Reached XP level 3. HP: 24/24 MP: 5/7
  2344 | D:3      | Noticed Sigmund
  2632 | D:3      | Found a shadowy altar of Dithmenos.
  2643 | D:3      | Reached skill level 3 in Stealth
  2643 | D:3      | Reached XP level 4. HP: 30/30 MP: 8/8
  2974 | D:3      | Noticed Ijyb
  2987 | D:3      | Killed Ijyb
  2987 | D:3      | Reached XP level 5. HP: 35/35 MP: 9/9
  3133 | D:3      | You fall into a shaft and drop 3 floors!
  3156 | D:6      | Learned a level 4 spell: Fulminant Prism
  3194 | D:5      | Entered Level 5 of the Dungeon
  3223 | D:4      | Reached skill level 5 in Conjurations
  3352 | D:4      | Reached skill level 1 in Hexes
  3539 | D:4      | Reached skill level 2 in Hexes
  3633 | D:4      | Reached XP level 6. HP: 41/41 MP: 10/10
  3665 | D:4      | Found a white marble altar of Elyvilon.
  3900 | D:3      | Killed Sigmund
  3900 | D:3      | Reached skill level 3 in Hexes
  4240 | D:4      | Reached skill level 4 in Hexes
  4240 | D:4      | Reached skill level 3 in Spellcasting
  4456 | D:5      | Found a hide-covered altar of Uskayaw.
  4576 | D:5      | Found a sparkling altar of Nemelex Xobeh.
  4581 | D:5      | Reached XP level 7. HP: 39/46 MP: 12/12
  4915 | D:5      | Reached skill level 4 in Spellcasting
  4980 | D:5      | Found an opulent altar of Gozag.
  4987 | D:5      | Found an ancient bone altar of Kikubaaqudgha.
  4990 | D:5      | Found a glowing golden altar of the Shining One.
  5425 | D:6      | Reached skill level 6 in Conjurations
  5425 | D:6      | Reached skill level 1 in Fighting
  5852 | D:6      | Found Dyokho's Blasphemy Boutique.
  5852 | D:6      | Found a burning altar of Makhleb.
  5861 | D:6      | Bought a +1 vampiric falchion for 208 gold pieces
  6027 | D:7      | Reached skill level 2 in Fighting
  6065 | D:7      | Learned a level 4 spell: Iskenderun's Mystic Blast
  6160 | D:7      | Reached skill level 5 in Spellcasting
  6231 | D:7      | Reached XP level 8. HP: 56/56 MP: 16/16
  6247 | D:7      | Reached skill level 6 in Spellcasting
  6363 | D:7      | Found a staircase to the Ecumenical Temple.
  6371 | Temple   | Entered the Ecumenical Temple
  6405 | Temple   | Became a worshipper of Vehumet
  6461 | D:7      | Reached skill level 3 in Fighting
  6997 | D:8      | Reached skill level 4 in Fighting
  7002 | D:8      | Reached skill level 5 in Hexes
  7245 | D:8      | Reached skill level 6 in Hexes
  7283 | D:8      | Reached skill level 1 in Armour
  7283 | D:8      | Reached skill level 1 in Evocations
  7371 | D:8      | Reached * piety under Vehumet
  7371 | D:8      | Offered knowledge of Foxfire by Vehumet.
  7378 | D:8      | Noticed a hippogriff
  7379 | D:8      | Reached XP level 9. HP: 65/65 MP: 18/18
  7390 | D:8      | Reached skill level 2 in Armour
  7390 | D:8      | Reached skill level 2 in Evocations
  7524 | D:8      | Found a basalt altar of Yredelemnul.
  7622 | D:8      | Found a snail-covered altar of Cheibriados.
  7803 | D:9      | Reached skill level 3 in Armour
  7803 | D:9      | Reached skill level 3 in Evocations
  8033 | D:9      | Noticed Harold
  8104 | D:9      | Reached skill level 4 in Armour
  8104 | D:9      | Reached skill level 4 in Evocations
  8138 | D:9      | Reached skill level 5 in Evocations
  8344 | D:9      | Offered knowledge of Freeze by Vehumet.
  8574 | D:9      | Reached skill level 6 in Evocations
  8576 | D:9      | Reached XP level 10. HP: 47/71 MP: 19/19
  8581 | D:9      | Reached ** piety under Vehumet
  8906 | D:10     | Entered Level 10 of the Dungeon
  9105 | D:10     | Reached skill level 7 in Conjurations
  9434 | D:10     | Reached skill level 8 in Conjurations
  9484 | D:10     | Offered knowledge of Frozen Ramparts by Vehumet.
  9484 | D:10     | Reached skill level 7 in Spellcasting
  9490 | D:10     | Learned a level 3 spell: Frozen Ramparts
  9580 | D:10     | Found a staircase to the Orcish Mines.
  9587 | D:10     | Reached skill level 1 in Ice Magic
  9595 | D:10     | Noticed Joseph
  9610 | D:10     | Killed Joseph
  9610 | D:10     | Reached skill level 2 in Ice Magic
 10108 | D:10     | Found a staircase to the Lair.
 10185 | D:9      | Killed Harold
 10185 | D:9      | Reached skill level 4 in Ice Magic
 10388 | Lair:1   | Entered Level 1 of the Lair of Beasts
 10397 | Lair:1   | Reached *** piety under Vehumet
 10401 | Lair:1   | Noticed a spiny frog
 10417 | Lair:1   | Noticed a spiny frog
 10420 | Lair:1   | Killed a spiny frog
 10429 | Lair:1   | Killed a spiny frog
 10429 | Lair:1   | Reached skill level 5 in Ice Magic
 10429 | Lair:1   | Reached XP level 11. HP: 52/77 MP: 20/21
 10536 | Lair:1   | Found a dark tunnel.
 10573 | Volcano  | Entered a volcano
 10598 | Volcano  | Noticed a hell hog
 10605 | Volcano  | Killed a hell hog
 10605 | Volcano  | Reached skill level 6 in Ice Magic
 10608 | Volcano  | Noticed a hell hog
 10613 | Volcano  | Killed a hell hog
 10614 | Volcano  | Killed by an exploding fulminant prism

Illustrated notes

Levels and vault maps discovered:
D:1:      psy_arrival_fountain, layout_basic
D:2:      layout_basic, overflow_temple_1_default
D:3:      layout_basic, nicolae_dithmenos_through_a_glass_darkly,
          lemuel_flame_loot_1, uniq_sigmund, uniq_ijyb
D:4:      layout_loops_ring, kennysheep_mini_moat
D:5:      layout_basic, eat_drink_and_be_merry_uskayaw,
          minmay_overflow_temple_star_quad, nemelex_xobeh_ov_fountains_minmay,
          first_ration
D:6:      layout_loops_ring, nicolae_evil_shop
D:7:      layout_basic, minmay_temple_entry_arrows
D:8:      layout_rooms, lemuel_crystal_altar, slow_altar_2
D:9:      layout_small_grid, uniq_harold
D:10:     layout_loops_ring, grunt_lair_entry_orc_guard_hut, orc_0_dummy,
          uniq_joseph
Temple:   chequers_temple_sunken
Lair:1:   layout_regular_city, nicolae_volcano_entry_two_sided
Volcano:  volcano_village

Skill      XL: |  1  2  3  4  5  6  7  8  9 10 11 |
---------------+----------------------------------+-----
Conjurations   | 4 5 6 8 |  8.0
Stealth        | 2 3 |  3.0
Hexes          | 2 4 6 |  6.0
Spellcasting   | 3 5 6 7 |  7.0
Fighting       | 2 4 |  4.0
Armour         | 1 4 |  4.0
Evocations     | 1 6 |  6.0
Ice Magic      | 5 6 |  6.5
Dodging        | |  1.5

Action                   |  1- 3 |  4- 6 |  7- 9 | 10-12 || total
-------------------------+-------+-------+-------+-------++-------
Melee: Whip              |     1 |       |       |       ||     1
       Falchion          |       |       |    11 |    10 ||    21
 Cast: Magic Dart        |    61 |    46 |    94 |    29 ||   230
       Searing Ray       |     8 |    19 |    68 |    34 ||   129
       Fulminant Prism   |       |       |     4 |    11 ||    15
       Frozen Ramparts   |       |       |       |     4 ||     4
Evoke: Wand              |       |     2 |     1 |    10 ||    13
  Use: Scroll            |     5 |     3 |     5 |     3 ||    16
Armor: Robe              |     1 |       |       |       ||     1
       Leather armour    |       |     5 |    10 |       ||    15
       Ring mail         |       |       |    14 |    21 ||    35
Dodge: Dodged            |     6 |    13 |    53 |    18 ||    90
       Rpst.: Falchion   |       |       |    13 |     1 ||    14
